 Dungeon Crawl Stone Soup version 0.31-a0-1204-ge2c1a860ed (webtiles) character file.

Game seed: 2645847919428200841

5380 LeprechaunX the Mimic (level 10, 0/69 HPs)
             Began as an Octopode Shapeshifter on Dec 12, 2023.
             Was an Elder of Nemelex Xobeh.
             Slain by a troll (9 damage)
             ... on level 9 of the Dungeon.
             The game lasted 00:13:42 (8395 turns).

LeprechaunX the Mimic (Octopode Shapeshifter)       Turns: 8395, Time: 00:13:42

Health: 0/69       AC:  1    Str: 22    XL:     10   Next: 66%
Magic:  14/14      EV: 18    Int: 13    God:    Nemelex Xobeh [****..]
Gold:   509        SH:  4    Dex: 13    Spells: 9/9 levels left

rFire   + . .        b - +7 short sword (elec)
rCold   . . .        M - +0 buckler
rNeg    . . .        (helmet currently unavailable)
rPois   +            G - amulet of the acrobat
rElec   .            u - +5 ring of evasion
rCorr   .            K - ring of poison resistance
SInv    .            N - ring of protection from fire
Will    .....        P - +6 ring of strength
Stlth   ++           (no ring)
HPRegen 0.31/turn    (no ring)
MPRegen 0.14/turn    (no ring)
                     (no ring)

%: acrobat
@: beast-form
A: beast (slay +4), almost no armour, amphibious, 8 rings, camouflage 1,
gelatinous body 1, (nimble swimmer 1), tentacles
a: Begin Untransformation, Renounce Religion, Draw Escape, Draw Destruction,
Draw Summoning, Triple Draw, Deal Four


You were on level 9 of the Dungeon.
You worshipped Nemelex Xobeh.
Nemelex Xobeh was greatly pleased with you.
You were a hulking beast.
You visited 1 branch of the dungeon, and saw 9 of its levels.

You collected 509 gold pieces.

Inventory:

Hand Weapons
 a - a +0 orcbow
 b - a +7 short sword of electrocution (weapon)
Missiles
 t - 3 darts of dispersal
 w - 3 javelins
 B - a throwing net
 H - 5 curare-tipped darts
 I - 2 boomerangs (quivered)
Armour
 y - an orb of mayhem
 M - a +0 buckler (worn)
Jewellery
 u - a +5 ring of evasion (left tentacle)
 G - an amulet of the acrobat (around mantle)
 K - a ring of poison resistance (right tentacle)
 N - a ring of protection from fire (on tentacle)
 P - a +6 ring of strength (on tentacle)
Talismans
 c - a flux talisman
 h - a granite talisman
 D - a beast talisman
Wands
 q - a wand of roots (17)
Scrolls
 e - 4 scrolls of identify {unknown}
 i - 3 scrolls of immolation {unknown}
 j - 3 scrolls of blinking {unknown}
 k - a scroll of enchant weapon {unknown}
 l - a scroll of fear {unknown}
 n - 2 scrolls of enchant armour {unknown}
 r - 3 scrolls of noise {unknown}
 s - 2 scrolls of amnesia {unknown}
 v - a scroll of revelation {unknown}
 x - a scroll of teleportation {unknown}
 J - a scroll of poison {unknown}
Potions
 d - 3 potions of degeneration {unknown}
 f - a potion of haste {unknown}
 g - 4 potions of curing {unknown}
 m - a potion of might {unknown}
 o - 4 potions of enlightenment {unknown}
 p - a potion of berserk rage {unknown}
 z - 3 potions of magic {unknown}
 A - 2 potions of heal wounds {unknown}
 C - a potion of brilliance {unknown}
 E - 2 potions of lignification
 F - a potion of resistance {unknown}
 L - a potion of attraction {unknown}
 O - a potion of invisibility {unknown}


   Skills:
 + Level 6.4 Fighting
 - Level 3.0 Throwing
 - Level 2.0 Dodging
 + Level 2.2 Shields
 - Level 6.0 Unarmed Combat
 + Level 6.6 Invocations
 + Level 6.2 Evocations
 * Level 8.9 Shapeshifting


You had 9 spell levels left.
You didn't know any spells.
Your spell library contained the following spells:

 Spells                   Type           Power      Damage    Failure   Level
 Apportation              Tloc           0%         N/A       36%         1
 Necrotise                Necr           0%         1d4       36%         1
 Slow                     Hex            0%         N/A       36%         1
 Summon Small Mammal      Summ           0%         N/A       36%         1
 Blink                    Tloc           0%         N/A       50%         2
 Lesser Beckoning         Tloc           0%         N/A       50%         2
 Momentum Strike          Conj/Tloc      0%         3d8       50%         2
 Call Canine Familiar     Summ           0%         N/A       75%         3
 Confusing Touch          Hex            0%         N/A       75%         3
 Dazzling Flash           Conj/Hex       0%         N/A       75%         3
 Sigil of Binding         Hex            0%         N/A       75%         3
 Stone Arrow              Conj/Erth      0%         3d7       75%         3
 Tukima's Dance           Hex            0%         N/A       75%         3
 Vampiric Draining        Necr           0%         2d6       75%         3
 Dimensional Bullseye     Hex/Tloc       0%         N/A       98%         4
 Leda's Liquefaction      Hex/Erth       0%         N/A       98%         4
 Passage of Golubria      Tloc           0%         N/A       98%         4
 Agony                    Necr           0%         N/A       100%        5
 Silence                  Hex/Air        0%         N/A       100%        5
 Yara's Violent Unravell  Hex/Tmut       0%         3d3       100%        5
 Lehudib's Crystal Spear  Conj/Erth      0%         10d2      100%        8
 Animate Armour           Summ/Erth      Unusable   N/A       N/A         4

Dungeon Overview and Level Annotations

Branches:
Dungeon (9/15)             Temple (0/1) D:4
   Lair: D:8-11         Orc: D:9-12

Altars:
Ashenzari
Elyvilon
Nemelex Xobeh
Uskayaw
Zin

Annotations:
D:2 1 runed translucent door, Crazy Yiuf


Innate Abilities, Weirdness & Mutations

You are a hulking beast.
Your limbs bulge with bestial killing power. (Slay +4)
You cannot wear most types of armour.
You are amphibious.
You can wear up to eight rings at the same time.
Your skin changes colour to match your surroundings (Stealth+).
Your rubbery body absorbs attacks. (AC +1, EV +1)
((You are camouflaged when in or above water. (Stealth+)))
You have tentacles for arms and can constrict up to eight enemies at once.


Message History

You constrict the orc warrior.
You kill the orc warrior!
You block the wight's attack. The wight completely misses you.
You barely miss the wight. You grab the wight. You squeeze the wight!
The wight is heavily damaged.
You constrict the wight. The wight completely misses you.
You hit the wight. Lightning courses through the wight!
You destroy the wight!
You hit the troll but do no damage.
You squeeze the troll, but do no damage.
The troll bites you. You block the troll's attack. x2
You draw a card...
You have drawn the Storm.
A mighty gale blasts forth from the card!
The wight is knocked back by the gust of wind.
The orc is knocked back by the gust of wind.
The orc collides with the wight!
You destroy the wight!
You kill the orc!
The troll is knocked back by the gust of wind.
You hear violent peals of thunder!
Your life force feels restored.
You draw a card...
You have drawn Pain.
Press: ? - help, Shift-Dir - straight line, f - troll
Aim: a troll The troll convulses!
You puncture the troll!
The troll is severely wounded.
The troll bites you! The troll barely misses you.
The troll claws you but does no damage.
You completely miss the troll.
Your tentacle-slap misses the troll.
The troll is severely wounded.
The troll bites you!
* * * LOW HITPOINT WARNING * * *
The troll closely misses you. The troll claws you!
* * * LOW HITPOINT WARNING * * *
You draw a card...
You have drawn Velocity.
The wight seems to slow down. x2
The orc seems to slow down.
The troll bites you!
You die...
Your body disappears without a glow.

..........#######.
.......
.....[.....)).....
#........
........#######...
#.......# ####....#
#... #.......#
#....## #...
##.......# #.....#
#... .........#
#....## #...
.........#######....#
#...
.?......ozzzTh......#
#...
.........#######....#
#.## .........#
#....#######.#.
......z.o#
#............#.
.........#
#.########...#.
....z.T..# #.# #...#.
....z.z... #.# #...##
......z...# #.#
##..... ..........#
#......


You could see a troll, 3 wights and an orc (slow).

Vanquished Creatures
  A two-headed ogre (D:8)
  Maggie (D:7)
  Grinder (D:5)
  Edmund (D:4)
  A steam dragon (D:8)
  4 water moccasins
  3 orc warriors
  2 sky beasts
  A black bear (D:6)
  2 centaurs
  2 ogres (D:5)
  A phantom (D:5)
  A kobold brigand (D:8)
  A gnoll sergeant (D:8)
  7 bullfrogs
  4 scorpions
  3 wights (D:9)
  17 killer bees
  2 howler monkeys
  An electric eel (D:7)
  3 jellies
  A lava snake (D:7)
  3 hounds
  2 gnoll boudas
  2 orc priests
  Jessica (D:2)
  Terence (D:2)
  4 iguanas
  An orc wizard (D:6)
  26 gnolls
  7 adders
  A white imp (D:6)
  3 ufetubi
  A worm (D:2)
  3 dart slugs
  21 orcs
  9 endoplasms
  6 giant cockroaches
  9 goblins
  8 hobgoblins
  4 jackals
  7 quokkas
  7 ball pythons
  7 bats
  3 frilled lizards (D:3)
  11 kobolds
  10 rats
217 creatures vanquished.

Notes
Turn   | Place    | Note
-------+----------+-------------------------------------------
     0 | D:1      | LeprechaunX the Octopode Shapeshifter began the quest for
                  | the Orb.
     0 | D:1      | Reached XP level 1. HP: 13/13 MP: 1/1
    83 | D:1      | Reached XP level 2. HP: 18/18 MP: 2/2
   436 | D:1      | Found a faded altar of an unknown god.
   546 | D:1      | Prayed at the altar of an unknown god.
   546 | D:1      | Became a worshipper of Nemelex Xobeh the Trickster
   546 | D:1      | Reached * piety under Nemelex Xobeh
   795 | D:1      | Reached XP level 3. HP: 19/23 MP: 3/3
   999 | D:2      | Noticed Jessica
  1005 | D:2      | Killed Jessica
  1022 | D:2      | Reached skill level 1 in Invocations
  1113 | D:2      | Received a gift from Nemelex Xobeh
  1120 | D:2      | Reached XP level 4. HP: 28/29 MP: 4/4
  1273 | D:2      | Reached skill level 4 in Shapeshifting
  1339 | D:2      | Noticed Terence
  1354 | D:2      | Killed Terence
  1355 | D:2      | Reached XP level 5. HP: 15/34 MP: 6/6
  1471 | D:2      | Reached ** piety under Nemelex Xobeh
  1842 | D:2      | Received a gift from Nemelex Xobeh
  2231 | D:2      | Found a runed translucent door.
  2232 | D:2      | Noticed Crazy Yiuf
  2571 | D:3      | Found a white marble altar of Elyvilon.
  2581 | D:3      | Reached XP level 6. HP: 39/41 MP: 7/7
  2586 | D:3      | Found a broken altar of Ashenzari.
  2819 | D:4      | Received a gift from Nemelex Xobeh
  3088 | D:4      | Reached skill level 1 in Evocations
  3102 | D:4      | Reached *** piety under Nemelex Xobeh
  3186 | D:4      | Found a staircase to the Ecumenical Temple.
  3414 | D:4      | Reached skill level 1 in Throwing
  3577 | D:4      | Reached XP level 7. HP: 45/45 MP: 9/9
  3593 | D:4      | Reached skill level 5 in Shapeshifting
  3900 | D:4      | Noticed Edmund
  3909 | D:4      | Killed Edmund
  4154 | D:5      | Entered Level 5 of the Dungeon
  4269 | D:5      | Reached XP level 8. HP: 52/52 MP: 10/10
  4459 | D:5      | Received a gift from Nemelex Xobeh
  4723 | D:5      | Reached skill level 5 in Unarmed Combat
  4731 | D:5      | Noticed Grinder
  4733 | D:5      | Paralysed by Grinder for 4 turns
  4743 | D:5      | Killed Grinder
  4744 | D:5      | Reached skill level 6 in Shapeshifting
  5199 | D:6      | Reached XP level 9. HP: 31/59 MP: 12/12
  5374 | D:6      | Reached **** piety under Nemelex Xobeh
  5716 | D:6      | Reached skill level 7 in Shapeshifting
  5909 | D:6      | Received a gift from Nemelex Xobeh
  6335 | D:7      | Reached skill level 5 in Fighting
  6335 | D:7      | Reached skill level 5 in Invocations
  6467 | D:7      | Noticed Maggie
  6474 | D:7      | Killed Maggie
  6527 | D:7      | Found a glowing silver altar of Zin.
  6626 | D:7      | Reached skill level 5 in Evocations
  7176 | D:8      | Reached XP level 10. HP: 40/67 MP: 14/14
  7178 | D:8      | Reached skill level 8 in Shapeshifting
  7301 | D:8      | Found a hide-covered altar of Uskayaw.
  7304 | D:8      | Received a gift from Nemelex Xobeh
  7547 | D:8      | Received a gift from Nemelex Xobeh
  7801 | D:8      | Reached skill level 1 in Shields
  7868 | D:8      | Noticed a two-headed ogre
  7877 | D:8      | Killed a two-headed ogre
  8239 | D:9      | Noticed a two-headed ogre
  8395 | D:9      | Slain by a troll

Illustrated notes

Levels and vault maps discovered:
D:1:      dpeg_arrival_pits, layout_loops_corners,
          chequers_ecumenical_altar_island, st_stairs_12
D:2:      minmay_razor_zed, layout_loops_cross, serial_bayou_pond_e,
          minmay_misc_feat_cross, kennysheep_potato, uniq_crazy_yiuf_cottage,
          uniq_terence, uniq_jessica
D:3:      layout_rooms, mainiacjoe_overflow_catwalk_spiral
D:4:      minmay_clustersquares, layout_loops_corners,
          minmay_temple_entry_enclosed_plants, uniq_edmund
D:5:      layout_basic, chequers_serial_rivers_micro_a, uniq_grinder
D:6:      layout_basic
D:7:      layout_loops_cross, overflow_temple_1_default,
          chequers_decorated_corner, nicolae_lava_and_water, skrybe_limestone_x,
          uniq_maggie
D:8:      layout_rooms, eat_drink_and_be_merry_uskayaw, minmay_bent
D:9:      layout_irregular_city, lair_entry_dummy

Skill      XL: |  1  2  3  4  5  6  7  8  9 10 |
---------------+-------------------------------+-----
Invocations    | 1 2 3 4 5 6 |  6.6
Fighting       | 2 3 4 5 6 |  6.4
Shapeshifting  | 4 5 6 7 8 |  8.9
Unarmed Combat | 4 5 6 |  6.0
Evocations     | 1 2 3 5 6 |  6.2
Throwing       | 1 2 3 |  3.0
Shields        | 2 |  2.2
Dodging        | |  2.0

Action                     |  1- 3 |  4- 6 |  7- 9 | 10-12 || total
---------------------------+-------+-------+-------+-------++-------
  Melee: Unarmed           |    53 |   129 |    29 |       ||   211
         Tentacles         |    10 |    32 |    41 |    26 ||   109
         Constrict         |    15 |    33 |    39 |    25 ||   112
         Punch             |       |     4 |    10 |     5 ||    19
         Short sword       |       |       |   140 |    77 ||   217
  Throw: Throwing net      |       |       |     1 |       ||     1
         Boomerang         |       |       |       |    11 ||    11
         Dart              |       |       |       |     1 ||     1
 Invoke: Draw Destruction  |       |     3 |     4 |     8 ||    15
         Triple Draw       |       |       |       |     1 ||     1
         Draw Escape       |       |       |       |     1 ||     1
   Stab: Sleeping          |     5 |     8 |     3 |       ||    16
 Armour: Skin              |    20 |    40 |    47 |    46 ||   153
  Dodge: Dodged            |    25 |    70 |   143 |    90 ||   328
  Block: Buckler           |       |       |       |    12 ||    12

Table legend: (Time is in decaauts)
 A = Elapsed time spent in this place.
 B = Non-inter-level travel time spent in this place.
 C = Inter-level travel time spent in this place.
 D = Time resting spent in this place.
 E = Time spent auto-exploring this place.
 F = Levels seen in this place.
 G = Mean time per level.
                   A        B        C        D        E       F      G
               +--------+--------+--------+--------+--------+-----+--------+
         Total |   8387 |   7838 |    549 |    342 |   6245 |   9 |  931.9 |
       Dungeon |   8387 |   7838 |    549 |    342 |   6245 |   9 |  931.9 |
               +--------+--------+--------+--------+--------+-----+--------+

Top non-repeatable levels by time:
     D:4: 1386 daAuts
     D:2: 1267 daAuts
     D:6: 1186 daAuts
     D:1: 995 daAuts
     D:5: 972 daAuts
     D:8: 883 daAuts
     D:7: 853 daAuts
     D:3: 495 daAuts
     D:9: 347 daAuts
